Map: Sludge City

Players

Larry

  • Race: Protoss Protoss
  • League: Grandmaster
  • Spawn Location: 5:00

Ares

  • Race: Zerg Zerg
  • Spawn Location: 5:00

Bioice - Winner!

  • Race: Zerg Zerg
  • League: Grandmaster
  • Spawn Location: 11:00

puCK (Nina) - Winner!

  • Race: Protoss Protoss
  • League: Grandmaster
  • Spawn Location: 9:00

VOD

Have the link to the VOD?

Description

Time

  • Played on: Aug. 23, 2016, 3:21 p.m.
  • Length: 11:20
Show
View Real Time Build Order
Export as new Build Order

Larry Protoss 

Build Orders:  

Get SALT Encoding   

  12  0:00  Probe (Chrono Boost)  
  13  0:11  Probe (Chrono Boost)  
  14  0:18  Pylon  
  14  0:22  Probe (Chrono Boost)  
  15  0:37  Probe (Chrono Boost)  
  15  0:39  Forge  
  16  0:48  Probe (Chrono Boost)  
  17  1:04  Pylon  
  17  1:23  Photon Cannon  
  17  1:24  Pylon  
  16  1:27  Pylon  
  16  1:28  Pylon  
  15  1:47  Probe (Chrono Boost)  
  16  1:55  Photon Cannon  
  16  1:59  Probe (Chrono Boost)  
  17  2:09  Photon Cannon  
  17  2:13  Probe (Chrono Boost)  
  18  2:18  Assimilator  
  18  2:22  Gateway  
  17  2:23  Probe (Chrono Boost)  
  17  2:29  Assimilator  
  18  2:43  Nexus  
  18  2:46  Probe (Chrono Boost)  
  19  2:57  Assimilator, Probe (Chrono Boost)  
  20  3:08  Probe (Chrono Boost)  
  19  3:19  Probe (Chrono Boost)  
  19  3:31  Probe (Chrono Boost)  
  20  3:36  Cybernetics Core  
  21  3:41  Probe (Chrono Boost)  
  21  3:52  Probe (Chrono Boost)  
  21  3:55  Probe (Chrono Boost)  
  24  4:03  Probe (Chrono Boost)  
  24  4:08  Gateway  
  24  4:13  Warp Gate (Chrono Boost)  
  24  4:15  Probe (Chrono Boost)  
  24  4:16  Stalker (Chrono Boost)  
  27  4:20  Probe  
  28  4:27  Mothership Core  
  28  4:30  Pylon  
  30  4:31  Probe  
  31  4:43  Stalker (Chrono Boost)  
  31  4:44  Probe  
  34  4:50  Robotics Facility  
  34  4:54  Probe  
  34  4:57  Probe  
  38  5:02  Stalker (Chrono Boost)  
  38  5:09  Probe  
  38  5:12  Twilight Council  
  39  5:16  Probe  
  40  5:23  Assimilator, Probe  
  40  5:24  Pylon  
  41  5:29  Probe  
  42  5:37  Pylon, Observer (Chrono Boost)  
  42  5:38  Probe  
  44  5:45  Probe  
  45  5:50  Probe  
  46  5:58  Probe  
  46  6:01  Warp Prism (Chrono Boost)  
  46  6:02  Probe  
  49  6:09  Blink (Chrono Boost)  
  49  6:10  Gateway  
  49  6:11  Gateway  
  49  6:13  Gateway  
  49  6:14  Gateway  
  47  6:19  Probe x2  
  47  6:26  Protoss Ground Weapons Level 1 (Chrono Boost)  
  47  6:31  Probe x2  
  49  6:43  Probe  
  50  6:47  Pylon  
  50  6:52  Stalker x2  
  53  6:54  Probe  
  52  7:08  Probe  
  53  7:12  Stalker x3, Pylon  
  57  7:18  Probe  
  55  7:30  Stalker x2  
  55  7:33  Probe  
  57  7:44  Stalker  
  57  7:45  Stalker x3  
  65  7:53  Pylon  
  65  7:57  Stalker x2  
  69  8:03  Probe  
  70  8:10  Stalker x2  
  70  8:11  Stalker x2  
  76  8:30  Stalker, Sentry  
  72  8:56  Warp Prism  
  70  9:06  Stalker x3  
  70  9:07  Stalker x2  
  80  9:11  Probe  
  81  9:23  Probe x2  
  81  9:24  Assimilator  
  83  9:31  Stalker  
  83  9:38  Pylon  
  84  9:40  Pylon x2  
  84  9:43  Pylon  
  84  9:51  Adept x3  
  86  9:57  Probe  
  67  10:14  Adept x5  
  63  10:21  Probe  
Show
View Real Time Build Order
Export as new Build Order

Ares Zerg 

Build Orders: Hatch First 

Get SALT Encoding   

  12  0:00  Drone  
  13  0:12  Overlord  
  13  0:19  Drone  
  14  0:30  Drone x2  
  14  0:34  Drone  
  17  0:52  Hatchery  
  17  0:55  Drone  
  17  0:59  Drone  
  18  1:08  Extractor  
  17  1:17  Spawning Pool  
  16  1:18  Drone  
  16  1:23  Drone  
  18  1:38  Overlord  
  18  1:39  Drone  
  19  2:03  Queen  
  19  2:04  Zergling x4  
  19  2:05  Queen, Drone  
  26  2:11  Drone  
  26  2:15  Metabolic Boost  
  27  2:26  Drone  
  28  2:34  Zergling x6  
  28  2:35  Baneling Nest  
  30  2:38  Overlord  
  30  2:43  Zergling x2  
  31  2:47  Zergling x2  
  32  2:58  Zergling x4  
  34  3:05  Zergling x2  
  35  3:13  Zergling x6  
  35  3:15  Zergling x4  
  35  3:16  Zergling x2  
  35  3:18  Overlord  
  35  3:19  Overlord  
  41  3:27  Overlord  
  41  3:34  Baneling  
  41  3:35  Baneling  
  41  3:41  Zergling x6  
  43  3:46  Zergling x4  
  44  3:54  Roach Warren  
  44  3:55  Zergling x10  
  41  4:06  Drone x2  
  41  4:07  Drone  
  42  4:14  Drone  
  42  4:15  Lair  
  43  4:31  Drone x2  
  43  4:33  Extractor, Drone x4  
  48  4:47  Overlord  
  48  4:49  Overlord  
  48  4:50  Drone x3  
  51  5:03  Drone x2  
  53  5:09  Extractor, Drone  
  53  5:10  Extractor, Evolution Chamber  
  53  5:12  Evolution Chamber  
  49  5:16  Glial Reconstitution  
  49  5:19  Drone x3  
  49  5:20  Drone x3  
  55  5:24  Spore Crawler  
  55  5:26  Spore Crawler  
  55  5:27  Drone  
  55  5:28  Drone  
  55  5:32  Drone  
  55  5:35  Roach x3  
  62  5:42  Roach  
  59  5:50  Drone  
  59  5:51  Zerg Missile Weapons Level 1  
  59  5:52  Zerg Ground Armor Level 1  
  59  5:54  Drone  
  59  5:55  Drone  
  62  6:09  Roach  
  62  6:10  Overlord, Roach x2  
  68  6:12  Roach x2  
  68  6:15  Roach  
  74  6:27  Drone  
  74  6:30  Drone x2  
  74  6:31  Hatchery  
  76  6:37  Overlord  
  76  6:38  Drone  
  79  6:40  Roach  
  79  6:45  Roach  
  81  6:56  Overlord  
  81  6:58  Roach x4  
  89  7:01  Overlord  
  89  7:03  Overlord  
  89  7:06  Overlord  
  89  7:14  Overlord x2  
  89  7:17  Roach  
  89  7:21  Roach  
  93  7:23  Roach  
  93  7:26  Roach x2  
  99  7:33  Roach x2  
  103  7:37  Roach  
  103  7:40  Roach  
  107  7:44  Baneling  
  107  7:45  Baneling x10  
  107  7:46  Baneling  
  107  7:47  Baneling  
  107  7:48  Baneling  
  107  7:49  Baneling x2  
  107  7:50  Baneling x2  
  107  7:51  Baneling  
  107  7:52  Baneling  
  107  7:53  Baneling  
  107  7:54  Baneling  
  107  7:56  Roach  
  109  8:00  Roach  
  109  8:02  Roach  
  113  8:09  Roach x3  
  113  8:11  Roach  
  112  8:22  Roach x5  
  112  8:26  Roach x2  
  123  8:32  Overseer  
  123  8:37  Drone  
  123  8:38  Drone x4  
  128  8:46  Drone  
  129  8:53  Roach x4  
  126  9:09  Roach  
  114  9:10  Roach x7  
  114  9:13  Roach  
  114  9:14  Roach  
  112  9:18  Roach x2  
  112  9:19  Roach  
  112  9:23  Roach  
  120  9:26  Roach x2  
  124  9:36  Roach  
  124  9:37  Roach x2  
  130  9:49  Roach  
  130  9:51  Roach x3  
  130  9:52  Roach  
  126  9:54  Roach x2  
  126  9:56  Roach  
  126  9:57  Roach  
  112  10:03  Roach  
  112  10:04  Roach  
  106  10:07  Roach  
  100  10:15  Roach x2  
  100  10:20  Roach x2  
Show
View Real Time Build Order
Export as new Build Order

Bioice Zerg - Winner!

Build Orders: Pool First 

Get SALT Encoding   

  12  0:01  Drone  
  13  0:13  Overlord  
  13  0:18  Drone  
  14  0:26  Overlord  
  14  0:31  Drone  
  15  0:37  Drone  
  16  0:55  Spawning Pool  
  15  0:58  Drone  
  15  1:01  Drone  
  17  1:08  Drone  
  18  1:21  Drone  
  19  1:31  Overlord  
  19  1:41  Zergling x2  
  19  1:44  Queen  
  22  1:50  Zergling x2  
  23  1:55  Extractor  
  22  2:05  Hatchery  
  22  2:06  Zergling x2  
  22  2:12  Zergling x2  
  23  2:26  Overlord  
  23  2:35  Drone  
  24  2:45  Baneling Nest  
  24  2:48  Queen  
  24  2:50  Zergling x2  
  26  2:58  Zergling x2  
  27  2:59  Drone  
  27  3:00  Drone  
  27  3:04  Drone  
  27  3:22  Metabolic Boost  
  27  3:24  Zergling x4  
  31  3:28  Queen  
  31  3:30  Baneling  
  31  3:37  Drone  
  31  3:40  Zergling x8  
  36  3:45  Baneling  
  35  3:56  Drone x4  
  35  3:58  Drone  
  35  4:01  Baneling  
  35  4:02  Baneling  
  39  4:06  Drone  
  39  4:07  Drone  
  41  4:11  Drone  
  41  4:15  Drone  
  43  4:17  Drone  
  43  4:23  Spore Crawler  
  43  4:25  Spore Crawler  
  43  4:27  Drone  
  43  4:28  Drone  
  44  4:35  Overlord  
  44  4:36  Drone  
  44  4:37  Baneling  
  45  4:43  Drone  
  46  4:49  Drone x5  
  51  4:56  Roach Warren  
  50  5:12  Drone  
  50  5:13  Drone  
  52  5:15  Drone x3  
  52  5:18  Drone  
  55  5:22  Lair, Evolution Chamber  
  55  5:24  Drone  
  55  5:25  Drone x3  
  58  5:32  Extractor  
  57  5:36  Hatchery  
  57  5:40  Roach  
  57  5:41  Roach  
  57  5:42  Overlord  
  60  5:44  Overlord  
  60  5:49  Overlord  
  60  5:52  Extractor, Zerg Missile Weapons Level 1  
  60  5:56  Overlord  
  59  6:01  Roach x2  
  59  6:03  Roach  
  65  6:07  Extractor  
  64  6:15  Drone x2  
  64  6:17  Roach  
  68  6:18  Roach  
  68  6:21  Overlord  
  68  6:22  Roach  
  68  6:25  Roach  
  74  6:27  Roach  
  74  6:31  Roach  
  78  6:33  Roach  
  78  6:38  Overlord  
  78  6:39  Roach x2  
  84  6:40  Roach  
  87  6:47  Roach  
  87  6:57  Drone x4  
  87  6:59  Overlord, Roach  
  87  7:00  Roach x2  
  97  7:05  Roach  
  97  7:08  Overlord  
  99  7:10  Roach  
  99  7:14  Glial Reconstitution  
  101  7:16  Roach  
  101  7:21  Overlord  
  103  7:24  Roach x3  
  103  7:25  Roach  
  111  7:31  Overlord x2  
  111  7:33  Roach  
  113  7:38  Roach x2  
  113  7:43  Roach x2  
  121  7:47  Overlord, Zerg Missile Weapons Level 2  
  121  7:49  Roach  
  123  8:03  Roach x6  
  123  8:04  Roach x2  
  139  8:09  Roach  
  131  8:22  Roach x6  
  142  8:27  Roach  
  142  8:28  Roach x4  
  142  8:33  Roach  
  154  8:35  Overlord  
  154  8:52  Roach x5  
  154  8:53  Roach  
  157  8:58  Roach x3  
  144  9:14  Roach x7  
  144  9:15  Roach x3  
  164  9:18  Roach  
  164  9:23  Overlord  
  166  9:27  Overlord x2  
  166  9:34  Roach  
  162  9:52  Roach x5  
  144  9:53  Roach x8  
  144  9:56  Roach  
  128  10:03  Roach x2  
  120  10:09  Roach  
  118  10:18  Roach x4  
  118  10:19  Roach  
  116  10:24  Roach x5  
Show
View Real Time Build Order
Export as new Build Order

puCK Protoss - Winner!

Build Orders:  

Get SALT Encoding   

  12  0:03  Probe (Chrono Boost)  
  13  0:13  Probe (Chrono Boost)  
  14  0:21  Pylon  
  14  0:24  Probe (Chrono Boost)  
  15  0:40  Probe (Chrono Boost)  
  15  0:41  Gateway  
  16  0:50  Probe (Chrono Boost)  
  17  1:01  Assimilator, Probe (Chrono Boost)  
  18  1:11  Probe (Chrono Boost)  
  19  1:22  Probe (Chrono Boost)  
  20  1:28  Zealot (Chrono Boost)  
  20  1:29  Cybernetics Core  
  22  1:33  Probe  
  22  1:35  Pylon  
  23  1:44  Pylon  
  22  2:06  Mothership Core  
  23  2:22  Pylon  
  23  2:25  Pylon  
  23  2:27  Probe  
  24  2:33  Adept (Chrono Boost)  
  26  2:39  Probe  
  26  2:43  Warp Gate (Chrono Boost)  
  27  2:52  Probe  
  27  2:56  Adept (Chrono Boost)  
  30  3:02  Assimilator  
  30  3:15  Gateway  
  30  3:17  Probe  
  30  3:24  Gateway  
  30  3:25  Stalker  
  32  3:29  Probe  
  33  3:41  Probe  
  34  3:50  Stargate  
  34  3:53  Probe  
  35  4:04  Pylon  
  35  4:16  Nexus  
  33  4:25  Probe  
  34  4:34  Oracle (Chrono Boost)  
  34  4:37  Probe  
  38  4:48  Robotics Facility  
  38  4:49  Probe  
  39  5:01  Probe  
  40  5:08  Oracle (Chrono Boost)  
  40  5:14  Probe  
  44  5:26  Probe  
  44  5:27  Probe, Twilight Council  
  47  5:35  Observer  
  47  5:37  Probe  
  47  5:38  Probe  
  49  5:50  Probe x2  
  49  5:55  Assimilator x2  
  51  5:58  Void Ray (Chrono Boost)  
  51  6:02  Probe  
  51  6:03  Probe  
  56  6:07  Pylon  
  56  6:10  Pylon  
  57  6:11  Immortal (Chrono Boost)  
  61  6:27  Probe x2  
  63  6:39  Pylon  
  63  6:40  Pylon  
  63  6:43  Resonating Glaives (Chrono Boost), Gateway  
  63  6:46  Immortal (Chrono Boost), Gateway  
  67  6:48  Gateway  
  67  6:58  Stalker x3  
  73  7:03  Pylon  
  73  7:05  Pylon  
  73  7:18  Oracle  
  73  7:38  Immortal (Chrono Boost)  
  73  7:39  Stalker x2  
  73  7:40  Stalker  
  73  7:43  Pylon  
  83  7:46  Forge  
  83  7:48  Pylon  
  83  8:08  Stalker x2  
  83  8:09  Adept  
  83  8:10  Nexus, Adept  
  91  8:21  Blink (Chrono Boost)  
  90  8:31  Mothership Core  
  90  8:32  Stalker x2  
  94  8:37  Adept x2  
  98  8:44  Adept x2  
  99  8:54  Immortal  
  94  9:15  Stalker  
  94  9:16  Stalker x3  
  102  9:33  Warp Prism  
  103  9:55  Nexus  
  103  9:57  Pylon  
  103  9:59  Pylon  
  103  10:04  Stalker x2  
  103  10:05  Stalker x4  
  115  10:12  Pylon  
  110  10:27  Immortal  
Tags
 
Add a new tag
Caveats
  • Supply blocks, unpowered buildings, or Contaminate may cause inaccurate times.
  • Supply counts are checked every 10 seconds.